 Dungeon Crawl Stone Soup version 0.30-a0-341-g682706514a (webtiles) character file.

Game seed: 5891677986223957170

48335 experimilk the Devastator (level 14, -5/118 HPs)
             Began as a Green Draconian Conjurer on Nov 4, 2022.
             Was a High Priest of Vehumet.
             Slain by a sun demon (19 damage)
             ... led by a balrug
             ... on level 2 of the Abyss on Nov 5, 2022.
             The game lasted 01:29:51 (35106 turns).

experimilk the Devastator (DrCj)                   Turns: 35106, Time: 01:29:52

Health: -5/118     AC: 16    Str:  9      XL:     14   Next: 11%
Magic:  22/27      EV: 13    Int: 22 (24) God:    Vehumet [*****.]
Gold:   1803       SH:  5    Dex: 16      Spells: 8/32 levels left

rFire   . . .      SeeInvis .    M - staff of conjuration
rCold   . . .      Faith    .    (no shield)
rNeg    . . .      Spirit   .    (body armour unavailable)
rPois   +          Reflect  +    F - +2 hat
rElec   .          Harm     .    (no cloak)
rCorr   .          Rampage  .    n - +2 pair of gloves
Will    +....                    p - +2 pair of boots
Stlth   ++........               C - amulet of reflection
HPRegen 0.39/turn                A - ring of wizardry
MPRegen 0.20/turn                H - +6 ring of dexterity

@: no status effects
A: breathe noxious fumes, AC +8, unfitting armour, stinger 1, poison resistance,
cold-blooded
a: Breathe Noxious Fumes, Renounce Religion


You were on level 2 of the Abyss.
You worshipped Vehumet.
Vehumet was extremely pleased with you.
You visited 4 branches of the dungeon, and saw 18 of its levels.
You visited the Abyss 1 time.

You collected 1803 gold pieces.

Inventory:

Hand Weapons
 g - a +4 rapier of protection
Missiles
 l - 2 throwing nets
Armour
 n - a +2 pair of gloves (worn)
 p - a +2 pair of boots (worn)
 F - a +2 hat (worn)
Magical Staves
 M - a staff of conjuration (weapon)
Jewellery
 w - an amulet of regeneration
 A - a ring of wizardry (left hand)
 C - an amulet of reflection (around neck)
 D - a ring of protection from fire
 H - a +6 ring of dexterity (right hand)
 I - a ring of protection from cold
 J - a +6 ring of dexterity
Wands
 a - a wand of mindburst (10)
 b - a wand of iceblast (12)
 f - a wand of paralysis (15)
 u - a wand of quicksilver (36)
 B - a wand of polymorph (4)
Scrolls
 d - a scroll of fear
 e - 4 scrolls of immolation
 m - 3 scrolls of poison
 o - 5 scrolls of magic mapping
 q - a scroll of enchant armour
 y - 4 scrolls of butterflies
 z - 2 scrolls of teleportation
 E - a scroll of identify
 G - 3 scrolls of vulnerability
Potions
 h - 4 potions of attraction
 i - 2 potions of might
 j - a potion of curing
 k - a potion of haste
 r - 4 potions of resistance
 s - 3 potions of lignification
 v - 2 potions of mutation
 K - 2 potions of brilliance


   Skills:
 - Level 9.1 Fighting
 - Level 4.0 Short Blades
 - Level 4.0 Dodging
 - Level 1.7 Stealth
 + Level 9.5 Spellcasting
 - Level 16.0 Conjurations
 - Level 4.0 Hexes
 * Level 12.7 Air Magic


You had 8 spell levels left.
You knew the following spells:

 Your Spells              Type           Power      Damage    Failure   Level
a - Arcjolt               Conj/Air       42%        1d52      1%          5
b - Magic Dart            Conj           100%       1d8       0%          1
c - Iskenderun's Mystic   Conj/Tloc      62%        2d13      1%          4
v - Orb of Destruction    Conj           44%        9d12      1%          7
x - Iskenderun's Battles  Conj           88%        2d14      1%          5
z - Searing Ray           Conj           100%       2d8       0%          2

Your spell library contained the following spells:

 Spells                   Type           Power      Damage    Failure   Level
 Sandblast                Erth           20%        2d7       1%          1
 Dazzling Flash           Conj/Hex       100%       N/A       1%          3
 Stone Arrow              Conj/Erth      100%       3d13      1%          3
 Vhi's Electric Charge    Tloc/Air       76%        N/A       1%          3
 Fulminant Prism          Conj/Hex       34%        3d16      1%          4
 Passwall                 Tmut/Erth      8%         N/A       4%          2
 Sublimation of Blood     Necr           10%        N/A       4%          2
 Wereblood                Tmut           10%        N/A       4%          2
 Maxwell's Capacitive Co  Air            30%        ∞         22%         8
 Petrify                  Tmut/Erth      10%        N/A       26%         4
 Metabolic Englaciation   Hex/Ice        9%         N/A       30%         5
 Lehudib's Crystal Spear  Conj/Erth      31%        10d8      77%         8
 Statue Form              Tmut/Erth      6%         N/A       98%         6
 Malign Gateway           Summ/Tloc      5%         N/A       100%        7
 Summon Hydra             Summ           5%         N/A       100%        7
 Dragon's Call            Summ           5%         N/A       100%        9
 Animate Armour           Summ/Erth      Unusable   N/A       N/A         4

Dungeon Overview and Level Annotations

Branches:
Dungeon (10/15)            Temple (1/1) D:4            Lair (5/5) D:8
 Shoals (0/4) Lair:3        Snake (0/4) Lair:3        Slime (0/5) Lair:5
    Orc (2/2) D:10            Elf (0/3) Orc:2

Altars:
Ashenzari
Cheibriados
Dithmenos
Elyvilon
Fedhas
Gozag
Hepliaklqana
Kikubaaqudgha
Makhleb
Nemelex Xobeh
Okawaru
Qazlal
Ru
Sif Muna
Trog
Uskayaw
Vehumet
Wu Jian
Xom
Yredelemnul
Zin
The Shining One

Shops:
D:9 =   Orc:2 !*(

Annotations:
Lair:4 exclusion: oklob plant
Orc:2 Erolcha


Innate Abilities, Weirdness & Mutations

You can breathe blasts of noxious fumes.
Your lurid green scales are hard. (AC +8)
You cannot fit into any form of body armour.
Your tail ends in a venomous barb.
Your system is resistant to poisons. (rPois)
You are cold-blooded and may be slowed by cold attacks.


Message History

You start resting.
You feel yourself slow down.
You start resting.
You start resting.
You start resting.
Magic restored.
You start resting.
You start resting.
You start resting.
You start resting.
A sun demon comes into view.
You feel a surge of power!
The magic dart hits the sun demon but does no damage.
The sun demon shouts!
Casting: Magic Dart (safe; 0% risk of failure)
Confirm with . or Enter, or press ? or * to list all spells.
Aiming: Searing Ray (safe; 0% risk of failure)
Press: ? - help, Shift-Dir - straight line, f/p - sun demon
Aim: a sun demon (79% to hit)
You feel a surge of power!
The searing ray hits the sun demon!
The sun demon is lightly wounded. (Press . to maintain the ray.) Unknown command.
Unknown command.
The searing ray hits the sun demon.
The sun demon is moderately wounded.
The searing ray hits the sun demon!
The sun demon is moderately wounded.
The sun demon hits you.
You are engulfed in flames!!
The searing ray hits the sun demon.
The sun demon is heavily wounded.
You finish channelling your searing ray.
The sun demon barely misses you. The sun demon hits you!
You are engulfed in flames!!
* * * LOW HITPOINT WARNING * * *
The sun demon misses you. The sun demon hits you!
* * * LOW HITPOINT WARNING * * *
You are engulfed in flames!!
You die...

#### #
#..#
...####..#
.#.......#
......#@#
.
.#..3...#
..
##...###
.... ..##.
... #.. #.
### .# .
..


You could see a sun demon.

Vanquished Creatures
  Gastronok (D:9)
  A dire elephant (Lair:5)
  3 hydras
  The ghost of hikkokomori the Covert, a journeyman DgEE (D:10)
  A catoblepas (Lair:5)
  2 ogre magi (Orc:2)
  A boulder beetle (Lair:4)
  A deep troll shaman (Lair:5)
  6 death yaks
  Nergalle (Orc:2)
  A lindwurm (Lair:4)
  A manticore (Lair:5)
  8 orc sorcerers
  An oklob plant (Lair:5)
  6 elephants
  3 black mambas
  A merfolk siren (Lair:3)
  A guardian serpent (Lair:3)
  An apocalypse crab (Abyss:2)
  A smoke demon (Abyss:2)
  12 cane toads
  A rime drake (D:8)
  3 komodo dragons
  A kobold demonologist (D:10)
  2 trolls
  6 polar bears
  A slime creature (Lair:5)
  7 dream sheep
  Grinder (D:3)
  14 blink frogs
  A shadow (D:10)
  37 yaks
  Sigmund (D:4)
  2 wyverns
  2 basilisks
  A neqoxec (Abyss:2)
  A steam dragon (Lair:3)
  2 wargs
  Edmund (D:4)
  2 large abominations (Abyss:2)
  A hell hound (Abyss:2)
  14 water moccasins
  An acid dragon (D:9)
  11 orc warriors
  5 ice beasts (D:8)
  2 sky beasts
  4 black bears
  5 ogres
  20 wolves
  2 kobold brigands
  4 phantoms
  9 bullfrogs
  A gnoll sergeant (D:7)
  2 necrophages (D:6)
  3 scorpions (D:5)
  15 wights
  14 killer bees
  6 electric eels
  5 howler monkeys
  4 crimson imps (D:9)
  5 hounds
  7 orc priests
  2 gnoll boudas
  4 jellies
  3 iguanas
  32 orc wizards
  A hell rat (Lair:5)
  Robin (D:3)
  19 gnolls
  8 adders
  4 river rats (Lair:5)
  A shadow imp (D:6)
  4 white imps
  2 ufetubi
  A worm (D:2)
  2 dart slugs
  84 orcs
  9 bats
  9 endoplasms
  4 giant cockroaches
  19 goblins
  14 hobgoblins
  21 jackals
  2 quokkas
  8 ball pythons
  7 frilled lizards
  13 kobolds
  12 rats
  A fulminant prism (Lair:1)
567 creatures vanquished.

Vanquished Creatures (others)
  18 fulminant prisms
  33 fungi
  128 plants
  5 starspawn tentacles (Abyss:2)
184 creatures vanquished.

Grand Total: 751 creatures vanquished

Notes
Turn   | Place    | Note
-------+----------+-------------------------------------------
     0 | D:1      | experimilk the Draconian Conjurer began the quest for the
                  | Orb.
     0 | D:1      | Reached XP level 1. HP: 14/14 MP: 3/3
   216 | D:1      | Reached XP level 2. HP: 20/20 MP: 0/5
   266 | D:1      | Learned a level 2 spell: Searing Ray
   565 | D:1      | Found a faded altar of an unknown god.
  1037 | D:1      | Reached skill level 5 in Conjurations
  1530 | D:2      | Reached XP level 3. HP: 26/26 MP: 2/6
  1672 | D:2      | Learned a level 3 spell: Dazzling Flash
  2893 | D:2      | Reached XP level 4. HP: 32/33 MP: 3/7
  3760 | D:3      | Noticed Robin
  3776 | D:3      | Reached skill level 6 in Conjurations
  4158 | D:3      | Noticed Grinder
  4189 | D:3      | Paralysed by Grinder for 2 turns
  4190 | D:3      | Reached XP level 5. HP: 38/38 MP: 8/8
  4197 | D:3      | Paralysed by Grinder for 5 turns
  4206 | D:3      | Killed Grinder
  4207 | D:3      | Reached skill level 7 in Conjurations
  4207 | D:3      | Reached XP level 6. HP: 44/45 MP: 0/10
  4516 | D:3      | Killed Robin
  5057 | D:3      | Learned a level 4 spell: Fulminant Prism
  5262 | D:4      | Found a staircase to the Ecumenical Temple.
  5269 | Temple   | Entered the Ecumenical Temple
  5387 | Temple   | Became a worshipper of Vehumet
  5703 | D:4      | Your scales start taking on a lurid green colour.
  5703 | D:4      | Reached XP level 7. HP: 47/50 MP: 3/12
  5703 | D:4      | Gained mutation: Your system is resistant to poisons.
                  | (rPois) [Green Draconian growth]
  5934 | D:4      | Noticed Sigmund
  5940 | D:4      | Killed Sigmund
  5941 | D:4      | Reached skill level 8 in Conjurations
  5995 | D:4      | Learned a level 4 spell: Iskenderun's Mystic Blast
  6425 | D:4      | Reached * piety under Vehumet
  6425 | D:4      | Offered knowledge of Freeze by Vehumet.
  6587 | D:4      | Reached skill level 9 in Conjurations
  7067 | D:4      | Reached XP level 8. HP: 55/57 MP: 10/14
  7338 | D:4      | Reached ** piety under Vehumet
  7338 | D:4      | Offered knowledge of Scorch by Vehumet.
  7339 | D:4      | Reached skill level 10 in Conjurations
  7995 | D:4      | Noticed Edmund
  8013 | D:4      | Killed Edmund
  8405 | D:5      | Entered Level 5 of the Dungeon
  8445 | D:5      | Identified the +7 quarterstaff of Xuuvios {flame, Fragile
                  | rN+ SInv Stlth+}
  8680 | D:5      | Reached skill level 11 in Conjurations
  9523 | D:5      | Reached XP level 9. HP: 61/62 MP: 9/15
 10115 | D:6      | Noticed a komodo dragon
 10309 | D:6      | Killed a komodo dragon
 10310 | D:6      | Reached skill level 12 in Conjurations
 10310 | D:6      | Reached skill level 1 in Short Blades
 11339 | D:6      | Reached skill level 13 in Conjurations
 11776 | D:6      | Found a glowing golden altar of the Shining One.
 11839 | D:6      | Offered knowledge of Momentum Strike by Vehumet.
 12436 | D:7      | Reached *** piety under Vehumet
 12524 | D:7      | Reached skill level 14 in Conjurations
 12830 | D:7      | Reached XP level 10. HP: 67/70 MP: 10/16
 12836 | D:7      | Reached skill level 1 in Hexes
 12954 | D:7      | Reached skill level 1 in Fighting
 13831 | D:8      | Offered knowledge of Flame Wave by Vehumet.
 13872 | D:8      | Reached skill level 5 in Spellcasting
 14265 | D:8      | Found a staircase to the Lair.
 14549 | D:8      | Found a broken altar of Ashenzari.
 14973 | D:8      | Found a hide-covered altar of Uskayaw.
 15363 | D:9      | Found Loufel's Jewellery Emporium.
 15555 | D:9      | Learned a level 5 spell: Arcjolt
 15688 | D:9      | Found a shimmering altar of Xom.
 15733 | D:9      | Reached **** piety under Vehumet
 15759 | D:9      | Reached skill level 1 in Air Magic
 16099 | D:9      | Got the Almanac of Clay and Rallying
 17600 | D:9      | Noticed Gastronok
 17622 | D:9      | Killed Gastronok
 17623 | D:9      | Reached XP level 11. HP: 37/85 MP: 9/20
 17763 | D:10     | Entered Level 10 of the Dungeon
 18060 | D:10     | Reached skill level 5 in Fighting
 18079 | D:9      | Offered knowledge of Iskenderun's Battlesphere by Vehumet.
 18269 | D:9      | Learned a level 5 spell: Iskenderun's Battlesphere
 18498 | D:10     | Found a runed translucent door.
 18505 | D:10     | Noticed hikkokomori's ghost (journeyman DgEE)
 19248 | D:10     | Found a staircase to the Orcish Mines.
 19782 | D:10     | Reached skill level 5 in Air Magic
 20284 | Lair:1   | Entered Level 1 of the Lair of Beasts
 22219 | Lair:2   | Noticed a five-headed hydra
 22238 | Lair:2   | Killed a five-headed hydra
 23105 | Lair:2   | Reached XP level 12. HP: 80/97 MP: 2/22
 23889 | Lair:3   | Found a staircase to the Snake Pit.
 24321 | Lair:3   | Noticed a death yak
 24328 | Lair:3   | Killed a death yak
 24329 | Lair:3   | Reached skill level 15 in Conjurations
 24329 | Lair:3   | Noticed a death yak
 24329 | Lair:3   | Noticed a death yak
 24340 | Lair:3   | Killed a death yak
 24340 | Lair:3   | Killed a death yak
 24349 | Lair:3   | Reached ***** piety under Vehumet
 24733 | Lair:3   | Offered knowledge of Orb of Destruction by Vehumet.
 25463 | Lair:3   | Learned a level 7 spell: Orb of Destruction
 25554 | Lair:3   | Found a staircase to the Shoals.
 26284 | Lair:4   | Found a blossoming altar of Fedhas.
 26463 | Lair:4   | Noticed a boulder beetle
 26491 | Lair:4   | Killed a boulder beetle
 26492 | Lair:4   | Reached XP level 13. HP: 78/110 MP: 9/25
 26704 | Lair:4   | Found a white marble altar of Elyvilon.
 26729 | Lair:4   | Reached skill level 10 in Air Magic
 27899 | Lair:5   | Entered Level 5 of the Lair of Beasts
 28795 | Lair:5   | Noticed a dire elephant
 28829 | Lair:5   | Killed a dire elephant
 29435 | Lair:5   | Reached skill level 16 in Conjurations
 30632 | Lair:5   | Found a staircase to the Slime Pits.
 31699 | Orc:1    | Entered Level 1 of the Orcish Mines
 31999 | D:10     | Killed hikkokomori's ghost
 32925 | Orc:2    | Entered Level 2 of the Orcish Mines
 33305 | Orc:2    | Found Cuadaost's Commerce Corner.
 33375 | Orc:2    | Found a staircase to the Elven Halls.
 34112 | Orc:2    | Found Cogh's Antique Weapon Boutique.
 34116 | Orc:2    | Gained mutation: Your tail ends in a venomous barb. [Green
                  | Draconian growth]
 34116 | Orc:2    | Reached XP level 14. HP: 118/118 MP: 21/27
 34167 | Orc:2    | Found an ancient bone altar of Kikubaaqudgha.
 34167 | Orc:2    | Noticed Nergalle
 34176 | Orc:2    | Killed Nergalle
 34584 | Orc:2    | Found Xeweaha's Distillery.
 34597 | Orc:2    | Noticed Erolcha
 34601 | Orc:2    | Paralysed by Erolcha for 5 turns
 34612 | Abyss:2  | Cast into level 2 of the Abyss (Erolcha)
 34744 | Abyss:2  | Noticed a tentacled starspawn
 34761 | Abyss:2  | Noticed a starcursed mass
 34897 | Abyss:2  | Noticed a starcursed mass
 34900 | Abyss:2  | Noticed a tentacled starspawn
 35106 | Abyss:2  | Slain by a sun demon

Illustrated notes

Levels and vault maps discovered:
D:1:      heliophobic_arrival_dark_side_of_the_moon, layout_basic,
          hellmonk_ecumenical_altar_lost_god, minmay_stone_trees_large,
          minmay_tetromino_s4
D:2:      minmay_chambers_of_twos, layout_loops_ring, serial_aquarium,
          aquarium_bridge_square [aquarium_subvault_window,
          aquarium_subvault_window, aquarium_subvault_bridge,
          aquarium_subvault_bridge], aquarium_window_1, aquarium_window_3,
          aquarium_view_2c, kennysheep_cross_room, st_stairs_14
D:3:      layout_loops_ring, guppyfry_early_orc_mine, uniq_robin, uniq_grinder
D:4:      lemuel_castle_with_subvaults [lemuel_castle_interior_carwin_2],
          layout_cave_pools, minmay_temple_entry_drinking_statues,
          sigmund_edmund_badplayer
D:5:      layout_basic
D:6:      hangedman_cross_stitches, layout_basic, lemuel_coloured_pillars_altar
D:7:      layout_rooms
D:8:      layout_cave_pools, mainiacjoe_overflow_alcove_1,
          cheibrodos_ashenzari_chains, hellmonk_lair_entry_icy,
          grunt_ministairs_2, kennysheep_generic_room_11
D:9:      layout_basic, led_xom_imps, serial_corexii_hall,
          chequers_hall_statues_wall_a, corexii_hall_statues_i, serial_shops,
          kennysheep_mini, uniq_gastronok
D:10:     layout_roguey, erik_orc_4, ebering_ghost_reflecting_pool, eino_jars
Temple:   mainiacjoe_temple_coin_purse
Lair:1:   layout_cave_pods
Lair:2:   layout_roguey, columned_hall_lemuel
Lair:3:   layout_chaotic_city, minmay_shoals_entry_lonely_mermaid,
          minmay_snake_entry_spellcaster, chequers_serial_rivers_large_b
Lair:4:   layout_regular_city, basic_altar, lemuel_oklob_altar,
          grunt_megastairs_4, serial_bayou_shore_a
Lair:5:   grunt_lair_end_beastmaster, layout_regular_city,
          minmay_slime_entry_pillars, serial_bayou, serial_bayou_lagoon_a,
          serial_bayou_pond_a, serial_bayou_pond_e, serial_bayou_lake_a,
          kennysheep_abandoned_house, infiniplex_staircase_pool
Orc:1:    layout_caves, mines2_lemuel
Orc:2:    kennysheep_orc_mage_school, layout_caves, special_room,
          nicolae_alphabet_shops
Abyss:2:  base:
Lair:1

Skill      XL: |  1  2  3  4  5  6  7  8  9 10 11 12 13 |
---------------+----------------------------------------+-----
Conjurations   | 5 6 7 9 11 14 15 16 | 16.0
Spellcasting   | 3 4 6 8 9 |  9.5
Short Blades   | 2 4 |  4.0
Dodging        | 2 4 |  4.0
Hexes          | 4 |  4.0
Fighting       | 4 6 8 9 |  9.1
Air Magic      | 3 7 9 12 | 12.7
Stealth        | |  1.7

Action                   |  1- 3 |  4- 6 |  7- 9 | 10-12 | 13-15 || total
-------------------------+-------+-------+-------+-------+-------++-------
Melee: Unarmed           |    20 |       |       |       |       ||    20
       Tailslap          |     4 |     1 |    11 |    32 |     6 ||    54
       Rapier            |     3 |    30 |    88 |   163 |     5 ||   289
       Punch             |       |       |     1 |     3 |       ||     4
       Staff             |       |       |       |       |    27 ||    27
 Cast: Magic Dart        |    84 |    59 |   230 |   221 |   190 ||   784
       Searing Ray       |     5 |    14 |    46 |    75 |    35 ||   175
       Fulminant Prism   |       |     1 |     4 |    14 |       ||    19
       Dazzling Flash    |       |       |     6 |       |       ||     6
       Iskenderun's Myst |       |       |     5 |    18 |     7 ||    30
       Arcjolt           |       |       |       |    71 |    57 ||   128
       Iskenderun's Batt |       |       |       |    18 |    41 ||    59
       Orb of Destructio |       |       |       |     7 |    18 ||    25
 Abil: Breathe Noxious F |       |       |    14 |     8 |     1 ||    23
Evoke: Wand              |       |       |       |       |     1 ||     1
  Use: Scroll            |     2 |     4 |     7 |    14 |    15 ||    42
       Potion            |       |       |       |     6 |     9 ||    15
 Stab: Invisible         |       |       |     2 |       |       ||     2
       Confused          |       |       |     2 |     2 |     1 ||     5
Armor: Skin              |     9 |    27 |    74 |   145 |    44 ||   299
Dodge: Dodged            |    23 |    37 |   104 |   164 |    71 ||   399
Block: Other             |       |       |       |    52 |    26 ||    78
       Reflection        |       |       |       |     1 |     2 ||     3

Table legend: (Time is in decaauts)
 A = Elapsed time spent in this place.
 B = Non-inter-level travel time spent in this place.
 C = Inter-level travel time spent in this place.
 D = Time resting spent in this place.
 E = Time spent auto-exploring this place.
 F = Levels seen in this place.
 G = Mean time per level.
                   A        B        C        D        E       F      G
               +--------+--------+--------+--------+--------+-----+--------+
         Total |  35262 |  34388 |    874 |  19532 |   9383 |  19 | 1855.9 |
       Dungeon |  20806 |  20243 |    563 |  11085 |   6490 |  10 | 2080.6 |
        Temple |    422 |    413 |      9 |    291 |     80 |   1 |  422.0 |
          Lair |  11108 |  10877 |    231 |   6316 |   2508 |   5 | 2221.6 |
  Orcish Mines |   2436 |   2366 |     70 |   1468 |    304 |   2 | 1218.0 |
         Abyss |    487 |    487 |      0 |    372 |      0 |   1 |  487.0 |
               +--------+--------+--------+--------+--------+-----+--------+

Top non-repeatable levels by time:
  Lair:5: 3724 daAuts
     D:9: 2992 daAuts
     D:4: 2940 daAuts
    D:10: 2748 daAuts
     D:6: 2189 daAuts
     D:2: 2107 daAuts
     D:8: 2085 daAuts
  Lair:4: 1979 daAuts
  Lair:3: 1933 daAuts
  Lair:2: 1931 daAuts
     D:5: 1650 daAuts
  Lair:1: 1539 daAuts
     D:1: 1522 daAuts
     D:3: 1428 daAuts
   Orc:2: 1424 daAuts
